 Dungeon Crawl Stone Soup version 0.18-a0-801-gb01a236 (webtiles) character file.

521 JokEr the Ruffian (level 7, -1/62 HPs)
             Began as a Ghoul Monk on Dec 14, 2015.
             Slain by a centaur (3 damage)
             ... on level 4 of the Dungeon.
             The game lasted 00:06:40 (4434 turns).

JokEr the Ruffian (Ghoul Monk)                      Turns: 4434, Time: 00:06:40

Health: -1/62      AC:  6    Str: 17    XL:     7   Next: 21%
Magic:  6/6        EV: 12    Int:  5    God:
Gold:   228        SH:  0    Dex: 11    Spells: 0 memorised, 6 levels left

rFire  . . .     SeeInvis .       - Unarmed
rCold  + . .     Clarity  .     i - +0 ring mail
rNeg   + + +     SustAt   .     (no shield)
rPois  ∞         Gourm    .     (no helmet)
rElec  .         Spirit   .     (no cloak)
rCorr  .         Dismiss  .     (no gloves)
rMut   .         Stasis   .     g - +0 pair of boots
MR     .....                    (no amulet)
Stlth  +.........               (no ring)
                                (no ring)

@: rotting, not resistant to hostile enchantments, very unstealthy
A: rotting body, claws 1, carnivore 3, cold resistance 1, negative energy
resistance 3, slow regeneration 1, torment resistance, unbreathing
a: no special abilities


You were on level 4 of the Dungeon.
You were not hungry.

You visited 1 branch of the dungeon, and saw 4 of its levels.

You collected 228 gold pieces.

Inventory:

Armour
 a - a +1 robe
 g - a +0 pair of boots (worn)
 i - a +0 ring mail (worn)
Wands
 k - a wand of slowing (23)
Scrolls
 f - 2 scrolls of identify
 h - a scroll of amnesia
Potions
 d - a potion of magic {unknown}
 e - 2 potions of invisibility {unknown}
 l - a potion of flight {unknown}
Comestibles
 b - 4 meat rations
 c - 2 beef jerkies


   Skills:
 + Level 5.7 Fighting
 + Level 4.6 Dodging
 - Level 2.1 Stealth
 + Level 6.4 Unarmed Combat


You had 6 spell levels left.
You didn't know any spells.

Dungeon Overview and Level Annotations

Branches:
Dungeon (4/15)
 Temple: D:4-7

Altars:
Cheibriados


Innate Abilities, Weirdness & Mutations

Your body is rotting away.
You thrive on raw meat.
You are immune to poison.
You have sharp fingernails.
You are carnivorous and can eat meat at any time.
Your flesh is cold resistant.
You are immune to negative energy.
You regenerate slowly when monsters are visible.
You are immune to unholy pain and torment.
You can survive without breathing.


Message History

The centaur hits you.
* * * LOW HITPOINT WARNING * * *
The orc hits you but does no damage.
You scratch the centaur.
The centaur is moderately wounded.
The centaur closely misses you. The orc closely misses you.
The centaur closely misses you.
You claw the centaur!
The centaur is heavily wounded.
The centaur hits you.
* * * LOW HITPOINT WARNING * * *
The orc hits you with a dagger.
* * * LOW HITPOINT WARNING * * *
You closely miss the centaur.
The centaur is heavily wounded.
The centaur barely misses you. The orc hits you but does no damage.
You claw the centaur!
The centaur is almost dead.
The centaur hits you.
You die...

#. #.# #######.... #.##.#
#....##....
#..#.#####.##......#
#.#.#.....##......#
######...#.######......#
.......(................
###########)##.#.#.###....?#
'.........(o$..#... ####.##
#<......###@####.########.##
....)......c.# #........
...........#.###'# #........
.......(........(.##........
#....<....†.................
#..........##.#...#.........
#..........# ...............
########...###..##..#.###'##
.........##..#.......


You could see a centaur and an orc.

Vanquished Creatures
  Sigmund (D:3)
  2 hounds (D:4)
  3 orc wizards
  Natasha (thrice) (D:3)
  A hound skeleton (D:4)
  4 gnolls (D:4)
  4 adders
  A worm (D:2)
  3 giant geckos
  12 orcs
  2 ball pythons
  4 bats
  6 giant cockroaches
  9 hobgoblins
  8 jackals
  A giant gecko skeleton (D:4)
  2 giant newts (D:1)
  7 goblins
  A jackal skeleton (D:4)
  7 kobolds
  15 rats
96 creatures vanquished.

Notes
Turn   | Place    | Note
--------------------------------------------------------------
     0 | D:1      | JokEr the Ghoul Monk began the quest for the Orb.
     0 | D:1      | Reached XP level 1. HP: 19/19 MP: 0/0
   197 | D:1      | Reached XP level 2. HP: 25/25 MP: 1/1
  1498 | D:2      | Reached XP level 3. HP: 30/30 MP: 2/2
  2111 | D:2      | Reached XP level 4. HP: 40/40 MP: 3/3
  2208 | D:2      | Reached skill level 5 in Unarmed Combat
  2400 | D:3      | Noticed Sigmund
  2978 | D:3      | Killed Sigmund
  2978 | D:3      | Reached skill level 5 in Fighting
  2978 | D:3      | Reached XP level 5. HP: 16/47 MP: 4/4
  2978 | D:3      | Reached XP level 6. HP: 18/55 MP: 5/5
  3532 | D:3      | Noticed Natasha
  3539 | D:3      | Killed Natasha
  3613 | D:3      | Noticed Natasha
  3616 | D:3      | Killed Natasha
  3616 | D:3      | Reached skill level 6 in Unarmed Combat
  3630 | D:3      | Found a snail-covered altar of Cheibriados.
  3680 | D:3      | Noticed Natasha
  3688 | D:3      | Killed Natasha
  4242 | D:4      | Reached XP level 7. HP: 55/61 MP: 6/6
  4432 | D:4      | HP: 2/62 [orc/dagger (2)]
  4434 | D:4      | Slain by a centaur

Vault maps used:
D:1:      onia_arrival_larder, serial_forest, infiniplex_forest_lined_1,
          infiniplex_forest_lined_3_way, infiniplex_forest_lined_3,
          infiniplex_forest_straight_2, infiniplex_forest_lined_4_way,
          infiniplex_forest_clump_curved, infiniplex_forest_lined_3_way,
          infiniplex_forest_clump_small, minivault_24
D:2:      first_bread
D:3:      lemuel_doored_altar, uniq_sigmund, uniq_natasha
D:4:      corexii_item_surrounded_by_moat, cheibrodos_gnoll_hut

Action                   |  1- 3 |  4- 6 |  7- 9 || total
-------------------------+-------+-------+-------++-------
Melee: Unarmed           |   147 |   182 |    39 ||   368
  Use: Scroll            |     3 |     2 |       ||     5
 Stab: Sleeping          |     7 |       |       ||     7
       Distracted        |     1 |       |       ||     1
  Eat: Chunk             |    10 |    11 |     3 ||    24
